 Dungeon Crawl Stone Soup version 0.32-a0-900-g30fb1b0edc (webtiles) character file.

Game seed: 10485208555627299689

25594 Phot0n the Severer (level 12, -5/169 HPs)
             Began as a Minotaur Berserker on Apr 5, 2024.
             Was a High Priest of Trog.
             Slain by a black mamba (6 damage)
             ... on level 3 of the Lair of Beasts.
             The game lasted 00:33:16 (12511 turns).

Phot0n the Severer (Minotaur Berserker)            Turns: 12511, Time: 00:33:20

Health: -5/169     AC: 19    Str: 32    XL:     12   Next: 90%
Magic:  11/11      EV:  9    Int:  4    God:    Trog [*****.]
Gold:   1002       SH:  0    Dex: 11    Spells: 11/11 levels left

rFire   . . .        z - +5 battleaxe
rCold   . . .        (shield currently unavailable)
rNeg    + . .        p - +0 plate armour
rPois   .            (helmet restricted)
rElec   .            G - scarf {+Inv}
rCorr   .            Q - +0 pair of gloves
SInv    .            s - +1 pair of boots
Will    .....        (no amulet) Stlth
                     T - +6 ring of strength
HPRegen 0.48/turn    w - ring of positive energy
MPRegen 0.12/turn

%: no passive effects
@: berserking, lethally poisoned (-5 -> -78), slowed
A: horns 2, retaliatory headbutt
a: Renounce Religion, Evoke Invisibility, Berserk, Trog's Hand, Brothers in Arms


You were on level 3 of the Lair of Beasts.
You worshipped Trog.
Trog was extremely pleased with you.
You visited 2 branches of the dungeon, and saw 12 of its levels.

You collected 1002 gold pieces.

Inventory:

Hand Weapons
 a - a +0 hand axe
 e - a +0 club
 q - a +0 war axe
 y - a +3 great sword
 z - a +5 battleaxe (weapon)
 H - a +0 war axe
Armour
 b - a +0 animal skin
 c - a +1 chain mail
 g - the +0 leather armour of the Decaying God {rN+ Str+4}
   (You found it on level 2 of the Dungeon)

   Str+4:     It affects your strength (+4).
   rN+:       It protects you from negative energy.
 j - a +0 chain mail
 p - a +0 plate armour (worn)
 s - a +1 pair of boots (worn)
 D - a +0 ring mail
 G - a scarf of invisibility (worn)
 M - a +0 helmet
 Q - a +0 pair of gloves (worn)
 V - +0 steam dragon scales
Jewellery
 n - a +5 ring of evasion
 w - a ring of positive energy (right hand)
 C - a ring of willpower
 J - a ring of protection from fire
 K - a ring of magical power
 T - a +6 ring of strength (left hand)
Wands
 x - a wand of iceblast (12)
 F - a wand of paralysis (20)
 L - a wand of flame (23)
 X - a wand of quicksilver (3)
Scrolls
 d - 6 scrolls of teleportation
 f - a scroll of torment
 i - 5 scrolls of amnesia
 o - a scroll of brand weapon {unknown}
 O - a scroll of blinking
 P - 2 scrolls of identify
 U - a scroll of fog
 W - a scroll of silence {unknown}
Potions
 h - a potion of berserk rage
 k - 6 potions of haste
 l - a potion of mutation
 r - 2 potions of attraction
 t - 2 potions of enlightenment {unknown}
 u - 2 potions of ambrosia {unknown}
 v - a potion of might {unknown}
 A - 2 potions of brilliance {unknown}
 B - 2 potions of magic
 E - 3 potions of degeneration {unknown}
 I - a potion of invisibility {unknown}
 N - a potion of resistance
 R - 2 potions of lignification {unknown}


   Skills:
 + Level 12.3 Fighting
 + Level 19.1 Axes
 + Level 12.7 Armour
 + Level 4.2 Dodging
 + Level 1.8 Stealth


You had 11 spell levels left.
You didn't know any spells.
Your spell library contained the following spells:

 Spells                   Type           Power      Damage    Failure   Level
 Apportation              Tloc           0%         N/A       97%         1
 Magic Dart               Conj           0%         1d3       97%         1
 Necrotise                Necr           0%         1d4       97%         1
 Sting                    Conj/Alch      0%         1d3       97%         1
 Summon Small Mammal      Summ           0%         N/A       97%         1
 Blink                    Tloc           0%         N/A       99%         2
 Call Imp                 Summ           0%         N/A       99%         2
 Ensorcelled Hibernation  Hex/Ice        0%         N/A       99%         2
 Searing Ray              Conj           0%         2d4       99%         2
 Static Discharge         Conj/Air       0%         3-3/arc   99%         2
 Passwall                 Erth           0%         N/A       100%        3
 Swiftness                Air            0%         N/A       100%        3
 Tukima's Dance           Hex            0%         N/A       100%        3
 Volatile Blastmotes      Fire/Tloc      0%         2d10      100%        3
 Airstrike                Air            0%         2d(0-16)  100%        4
 Fulminant Prism          Conj/Alch      0%         3d5       100%        4
 Iskenderun's Mystic Bla Conj/Tloc 0%             2d3        (+2d1     100%        4
 Passage of Golubria      Tloc           0%         N/A       100%        4
 Summon Blazeheart Golem  Fire/Summ      0%         N/A       100%        4
 Summon Lightning Spire   Summ/Air       0%         N/A       100%        4
 Iskenderun's Battlesphe  Conj           0%         2d6       100%        5
 Yara's Violent Unravell  Hex/Alch       0%         3d3       100%        5
 Bombard                  Conj/Erth      0%         9d1       100%        6
 Orb of Destruction       Conj           0%         9d5       100%        7
 Spellforged Servitor     Conj/Summ      0%         N/A       100%        7


Dungeon Overview and Level Annotations

Branches:
Dungeon (9/15)             Temple (0/1) D:5            Lair (3/5) D:9
 Spider (0/4) Lair:3
  Swamp: Lair:2-3    Shoals: Lair:2-3       Orc: D:9-12

Altars:
Hepliaklqana
Kikubaaqudgha
Makhleb
Vehumet

Shops:
D:2 (   D:3 *[(:=

Annotations:
Lair:3 Sonja


Innate Abilities, Weirdness & Mutations

You have a pair of horns on your head.
You reflexively headbutt those who attack you in melee.


Message History

* * * LOW HITPOINT WARNING * * *
You are lethally poisoned!
A black mamba comes into view.
Sonja hits you but does no damage.
You are more poisoned.
Sonja hits you but does no damage.
You are more poisoned.
Sonja hits you with a +0 dagger of venom.
* * * LOW HITPOINT WARNING * * *
A red film seems to cover your vision as you go berserk!
You feel yourself moving faster!
You feel mighty!
* * * LOW HITPOINT WARNING * * *
You feel extremely sick.
The black mamba hisses angrily.
Sonja hits you but does no damage.
You are more poisoned.
Sonja hits you but does no damage.
You are more poisoned.
Sonja closely misses you.
Sonja gestures wildly while chanting.
Sonja blinks!
You feel a strong urge to attack something.
* * * LOW HITPOINT WARNING * * *
You feel extremely sick.
Sonja throws a curare-tipped dart.
The curare-tipped dart barely misses you.
Found a scroll of teleportation.
* * * LOW HITPOINT WARNING * * *
You feel extremely sick. Sonja barely misses you.
Sonja hits you but does no damage.
You are more poisoned.
Sonja hits you but does no damage.
You are more poisoned.
The black mamba bites you.
* * * LOW HITPOINT WARNING * * *
You are more poisoned.
The black mamba poisons you!
Sonja gestures wildly while chanting.
Sonja blinks!
The black mamba bites you.
You die...

PP≈≈≈~~P~~P~....................
♣♣~~~P~~~~P................÷....
♣♣♣P~~P~~PP..............÷÷....
♣♣♣................###)<.....
###............### ###.#...
###..........# ####..
#P...........# ##.
#............# ##.
###......@..## #.. #...<...S§..#
#.. ##...........# ##.
#...........# #..
..............# ##.
##...K.........# #.
#............## #. #.....?....#
#####. ......


You could see a black mamba and Sonja.

Vanquished Creatures
  3 hydras
  A two-headed ogre (D:7)
  6 death yaks (Lair:3)
  A centaur warrior (D:9)
  Pikel (D:9)
  A cyclops (D:9)
  A torpor snail (Lair:2)
  A black mamba (Lair:2)
  7 cane toads
  5 komodo dragons
  2 rime drakes
  A troll (D:9)
  7 blink frogs (Lair:2)
  34 yaks
  3 wyverns
  3 basilisks
  A swamp worm (Lair:3)
  2 steam dragons
  11 water moccasins
  Duvessa (D:7)
  2 orc warriors
  4 sky beasts
  4 ice beasts (D:6)
  3 black bears
  An ogre (D:4)
  6 wolves (Lair:3)
  4 centaurs
  A phantom (D:5)
  2 kobold brigands
  14 bullfrogs
  4 lemures (D:9)
  5 scorpions
  8 wights
  Dowan (D:7)
  2 electric eels (Lair:3)
  8 howler monkeys
  2 bombardier beetles (D:5)
  2 hounds
  2 jellies (D:5)
  6 orc priests
  2 sleepcaps (D:6)
  3 iguanas
  11 orc wizards
  6 adders
  A white imp (D:6)
  2 dart slugs
  A ribbon worm (D:4)
  29 orcs
  8 ball pythons
  8 bats
  3 endoplasms
  3 giant cockroaches
  9 goblins
  3 hobgoblins
  2 quokkas
  A frilled lizard (D:2)
  11 kobolds
  8 rats
284 creatures vanquished.

Vanquished Creatures (others)
  A blink frog (Lair:2)
  An orc (D:6)
2 creatures vanquished.

Grand Total: 286 creatures vanquished

Notes
Turn   | Place    | Note
-------+----------+-------------------------------------------
     0 | D:1      | Phot0n the Minotaur Berserker began the quest for the Orb.
     0 | D:1      | Reached XP level 1. HP: 19/19 MP: 0/0
     3 | D:1      | Noticed an electric eel
    20 | D:1      | Noticed an electric eel
    81 | D:1      | Reached XP level 2. HP: 27/27 MP: 1/1
   186 | D:1      | Reached skill level 4 in Axes
   197 | D:1      | Found a faded altar of an unknown god.
   342 | D:1      | You fall into a shaft and drop 1 floor!
   401 | D:2      | Identified the +0 leather armour of the Decaying God {rN+
                  | Str+4}
   570 | D:2      | Reached ** piety under Trog
   571 | D:2      | Reached XP level 3. HP: 32/33 MP: 2/2
   660 | D:2      | Found a burning altar of Makhleb.
   939 | D:2      | Found Myim's Weapon Emporium.
  1128 | D:3      | Found Guadukh's Jewellery Shoppe.
  1167 | D:3      | Found Lycoemun's Book Shoppe.
  1280 | D:3      | Found Lasosiyrr's Antique Weapon Emporium.
  1311 | D:3      | Found Lowexios's Antique Armour Emporium.
  1523 | D:3      | Found Poqetoi's General Store.
  1999 | D:4      | Reached XP level 4. HP: 41/41 MP: 3/3
  2336 | D:4      | Reached skill level 5 in Axes
  2396 | D:4      | Found a radiant altar of Vehumet.
  2670 | D:4      | Noticed an ogre
  2675 | D:4      | Killed an ogre
  2676 | D:4      | Reached XP level 5. HP: 30/47 MP: 4/4
  3196 | D:5      | Entered Level 5 of the Dungeon
  3197 | D:5      | Noticed a phantom
  3204 | D:5      | Killed a phantom
  3205 | D:5      | Reached skill level 6 in Axes
  3205 | D:5      | Reached XP level 6. HP: 53/55 MP: 5/5
  3236 | D:5      | Reached skill level 5 in Fighting
  3315 | D:5      | Reached skill level 5 in Armour
  3315 | D:5      | Reached skill level 1 in Stealth
  3456 | D:5      | Reached XP level 7. HP: 61/61 MP: 6/6
  3456 | D:5      | Found a staircase to the Ecumenical Temple.
  3573 | D:5      | Reached skill level 7 in Axes
  3832 | D:5      | Reached skill level 8 in Axes
  3834 | D:5      | Reached XP level 8. HP: 70/70 MP: 7/7
  3905 | D:5      | Found an ancient bone altar of Kikubaaqudgha.
  3916 | D:5      | Reached *** piety under Trog
  4310 | D:6      | Reached skill level 9 in Axes
  4689 | D:6      | Reached skill level 10 in Axes
  4770 | D:6      | Reached XP level 9. HP: 78/78 MP: 8/8
  4845 | D:6      | Reached skill level 11 in Axes
  5491 | D:7      | Noticed a two-headed ogre
  5493 | D:7      | Found a hazy altar of Hepliaklqana.
  5499 | D:7      | Killed a two-headed ogre
  5500 | D:7      | Reached skill level 12 in Axes
  5653 | D:7      | Noticed Duvessa
  5654 | D:7      | Noticed Dowan
  5668 | D:7      | Killed Dowan
  5668 | D:7      | Reached **** piety under Trog
  5675 | D:7      | Killed Duvessa
  5800 | D:7      | Reached skill level 13 in Axes
  5800 | D:7      | Reached XP level 10. HP: 88/88 MP: 9/9
  5875 | D:7      | HP: 3/88 [poisoned by you (poison gas)]
  7351 | D:9      | Noticed a cyclops
  7361 | D:9      | Reached skill level 14 in Axes
  7361 | D:9      | Noticed Pikel
  7369 | D:9      | Killed a cyclops
  7375 | D:9      | Killed Pikel
  7383 | D:9      | Reached skill level 15 in Axes
  7605 | D:9      | Noticed a centaur warrior
  7621 | D:9      | Killed a centaur warrior
  7798 | D:9      | Reached XP level 11. HP: 97/97 MP: 10/10
  7881 | D:9      | Found a flagged portal.
  7900 | D:9      | Found a staircase to the Lair.
  8200 | Lair:1   | Entered Level 1 of the Lair of Beasts
  8250 | Lair:1   | Reached skill level 16 in Axes
  8250 | Lair:1   | Reached skill level 10 in Armour
  8538 | Lair:1   | Reached skill level 10 in Fighting
  8723 | Lair:1   | Reached ***** piety under Trog
  9206 | Lair:2   | Reached skill level 17 in Axes
  9815 | Lair:2   | Reached XP level 12. HP: 110/110 MP: 11/11
 10454 | Lair:2   | Noticed a five-headed hydra
 10466 | Lair:2   | Killed a nine-headed hydra
 10615 | Lair:2   | Noticed a five-headed hydra
 10659 | Lair:2   | Killed a seven-headed hydra
 11239 | Lair:3   | Reached skill level 18 in Axes
 11395 | Lair:3   | Found a hole to the Spider Nest.
 11665 | Lair:3   | Noticed a death yak
 11665 | Lair:3   | Noticed a death yak
 11667 | Lair:3   | Noticed a death yak
 11667 | Lair:3   | Noticed a death yak
 11667 | Lair:3   | Noticed a death yak
 11668 | Lair:3   | Noticed a death yak
 11676 | Lair:3   | Killed a death yak
 11683 | Lair:3   | Killed a death yak
 11683 | Lair:3   | Killed a death yak
 11684 | Lair:3   | Killed a death yak
 11686 | Lair:3   | Killed a death yak
 11687 | Lair:3   | Killed a death yak
 11906 | Lair:3   | Reached skill level 19 in Axes
 12045 | Lair:3   | Noticed a four-headed hydra
 12053 | Lair:3   | Killed a nine-headed hydra
 12500 | Lair:3   | Noticed Sonja
 12511 | Lair:3   | HP: 2/169 [poisoned by Sonja]
 12511 | Lair:3   | Slain by a black mamba

Illustrated notes

Levels and vault maps discovered:
D:1:      arrival_aquarium_b, layout_basic,
          shapermc_ecumenical_altar_totnotflames, chequers_serial_rivers_small_a
D:2:      layout_basic, serial_shops, shop, basic_altar, minivault_24,
          minmay_misc_feat_secret_circle
D:3:      layout_basic, serial_shops, shop_fountains, nicolae_square_shop,
          nicolae_square_shop, nicolae_shop_statue_plus, shop
D:4:      layout_loops_corners, mainiacjoe_overflow_catwalk
D:5:      layout_loops_cross, mainiacjoe_overflow_brackets,
          minmay_temple_entry_offerings
D:6:      layout_basic
D:7:      layout_basic, amcnicky_altar_gilded, uniq_duvessa
D:8:      lemuel_ice_spiral_2, layout_basic
D:9:      layout_rooms, grunt_lair_entry_orc_guard_hut, enter_bailey_3,
          uniq_pikel
Lair:1:   layout_gridlike, infiniplex_staircase_pool_2
Lair:2:   layout_layer_cave, chequers_serial_rivers_micro_b,
          grunt_forest_large_clearings
Lair:3:   layout_hall_layers, nicolae_swamp_entry_splash_gauntlet,
          nicolae_spider_entry_orb_guardian, serial_bayou_shore_a, uniq_sonja

Skill      XL: |  1  2  3  4  5  6  7  8  9 10 11 12 |
---------------+-------------------------------------+-----
Fighting       | 4 5 6 7 9 11 12 | 12.3
Axes           | 4 5 6 8 10 13 15 17 19 | 19.1
Armour         | 3 4 5 6 7 8 9 11 12 | 12.7
Stealth        | 1 |  1.8
Dodging        | 3 4 |  4.2

Action                     |  1- 3 |  4- 6 |  7- 9 | 10-12 || total
---------------------------+-------+-------+-------+-------++-------
  Melee: Hand axe          |    77 |     4 |       |       ||    81
         Headbutt          |    12 |    10 |    36 |    66 ||   124
         War axe           |       |    56 |    49 |       ||   105
         Battleaxe         |       |       |   129 |   315 ||   444
 Invoke: Trog's Hand       |       |       |     1 |     2 ||     3
         Berserk           |       |       |     2 |     7 ||     9
    Use: Scroll            |     6 |       |     1 |     6 ||    13
         Potion            |     1 |       |     1 |     6 ||     8
 Armour: Chain mail        |    96 |    53 |   130 |       ||   279
         Plate armour      |       |       |    20 |   395 ||   415
  Dodge: Dodged            |    43 |    28 |   151 |   196 ||   418

Table legend: (Time is in decaauts)
 A = Elapsed time spent in this place.
 B = Non-inter-level travel time spent in this place.
 C = Inter-level travel time spent in this place.
 D = Time resting spent in this place.
 E = Time spent auto-exploring this place.
 F = Levels seen in this place.
 G = Mean time per level.
                   A        B        C        D        E       F      G
               +--------+--------+--------+--------+--------+-----+--------+
         Total |  12603 |  12012 |    591 |      0 |   8953 |  12 | 1050.2 |
       Dungeon |   8275 |   7824 |    451 |      0 |   5689 |   9 |  919.4 |
          Lair |   4328 |   4188 |    140 |      0 |   3263 |   3 | 1442.7 |
               +--------+--------+--------+--------+--------+-----+--------+

Top non-repeatable levels by time:
  Lair:2: 2047 daAuts
     D:7: 1360 daAuts
  Lair:3: 1303 daAuts
     D:4: 1210 daAuts
     D:6: 1089 daAuts
     D:5: 1069 daAuts
  Lair:1: 976 daAuts
     D:3: 869 daAuts
     D:9: 864 daAuts
     D:2: 783 daAuts
     D:8: 682 daAuts
     D:1: 345 daAuts
